 Dungeon Crawl Stone Soup version 0.24-a0-335-g06ca16af6c (webtiles) character file.

Game seed: 9972169430910583189

1881 MachJacob the Digger (level 8, -13/65 (67) HPs)
             Began as a White Draconian Earth Elementalist on May 19, 2019.
             Was a Priest of Yredelemnul.
             Shot with a sling bullet by Joseph (19 damage)
             ... on level 7 of the Dungeon.
             The game lasted 00:30:03 (9926 turns).

MachJacob the Digger (DrEE)                         Turns: 9926, Time: 00:30:04

HP:   -13/65 (67)   AC:  8    Str: 10    XL:     8   Next: 91%
MP:   14/14         EV: 13    Int: 19    God:    Yredelemnul [***...]
Gold: 319           SH:  0    Dex: 11    Spells: 4/15 levels left

rFire    . . .     SeeInvis .   j - +1 dagger
rCold    + . .     Gourm    .   (no shield)
rNeg     . . .     Faith    .   (armour unavailable)
rPois    .         Spirit   .   (helmet restricted)
rElec    .         Reflect  .   (no cloak)
rCorr    .         Harm     .   h - +1 pair of gloves
MR       .....                  (no boots)
Stlth    ++........             (no amulet)
HPRegen  0.20/turn              (no ring)
MPRegen  0.14/turn              (no ring)

@: no status effects
A: breathe frost, unfitting armour, cold resistance 1, cold-blooded, AC +6
a: Breathe Frost, Recall Undead Slaves, Injury Mirror, Animate Dead, Renounce
Religion


You were on level 7 of the Dungeon.
You worshipped Yredelemnul.
Yredelemnul was most pleased with you.
You were not hungry.

You visited 1 branch of the dungeon, and saw 7 of its levels.
You also visited: Ossuary.

You collected 319 gold pieces.

Inventory:

Hand Weapons
 j - a +1 dagger (weapon)
 t - a +0 club
 C - a +0 dagger of draining
Missiles
 l - 86 sling bullets
 A - 48 stones (quivered)
Armour
 h - a +1 pair of gloves (worn)
Jewellery
 g - an uncursed ring of poison resistance {unknown}
 u - a cursed ring of teleportation {unknown}
 y - a +2 ring of strength {unknown}
 E - a +6 ring of protection {unknown}
Wands
 a - a wand of digging (8)
 d - a wand of polymorph (7)
 B - a wand of clouds (5)
Scrolls
 f - 3 scrolls of enchant weapon
 k - 2 scrolls of magic mapping
 m - a scroll of enchant armour
 n - 2 scrolls of fog
 p - 5 scrolls of teleportation
 x - a scroll of fear
 D - 2 scrolls of remove curse {unknown}
Potions
 e - 2 potions of brilliance
 i - a potion of heal wounds
 o - 2 potions of mutation
 q - a potion of invisibility
 r - a potion of magic
 s - 3 potions of degeneration
 v - 3 potions of curing
 w - a potion of flight
 z - 2 potions of lignification {unknown}
Comestibles
 b - a chunk of flesh
 c - 7 rations


   Skills:
 + Level 4.5 Fighting
 + Level 4.2 Dodging
 - Level 1.7 Stealth
 + Level 4.4 Spellcasting
 - Level 5.0 Conjurations
 - Level 1.0 Transmutations
 * Level 7.0 Earth Magic
 + Level 2.8 Invocations


You had 4 spell levels left.
You knew the following spells:

 Your Spells              Type           Power        Failure   Level  Hunger
a - Sandblast             Erth           ####..       1%          1    None
b - Passwall              Tmut/Erth      ###.....     3%          2    #......
c - Stone Arrow           Conj/Erth      ####..       3%          3    ###....
d - Lee's Rapid Deconstr  Erth           ####......   21%         5    ######.

Your spell library contained the following spells:

 Spells                   Type           Power        Failure   Level  Hunger
 Throw Frost              Conj/Ice       ##....       7%          2    #......
 Animate Skeleton         Necr           N/A          13%         1    None
 Apportation              Tloc           #.....       13%         1    None
 Confusing Touch          Hex            #.....       13%         1    None
 Freeze                   Ice            #...         13%         1    None
 Summon Small Mammal      Summ           #...         13%         1    None
 Petrify                  Tmut/Erth      ###.....     26%         4    ####...
 Ozocubu's Armour         Chrm/Ice       #.......     36%         3    ###....
 Throw Icicle             Conj/Ice       ##......     43%         4    ####...
 Summon Ice Beast         Ice/Summ       #.......     78%         4    ####...


Dungeon Overview and Level Annotations

Branches:
Dungeon (7/15)             Temple (0/1) D:7

Altars:
Ashenzari
Dithmenos
Elyvilon
Nemelex Xobeh
Ru
Uskayaw
Vehumet
Yredelemnul

Shops:
D:4 }   D:5 [   D:6 [

Annotations:
D:1 Terence
D:2 1 runed translucent door, Crazy Yiuf
D:3 Jessica, Natasha
D:7 1 runed translucent door, Joseph; Tovarisch's ghost, novice OpWz


Innate Abilities, Weirdness & Mutations

You can breathe waves of freezing cold.
You can buffet flying creatures when you breathe cold.
Your icy white scales are hard. (AC +6)
You cannot fit into any form of body armour.
Your flesh is cold resistant. (rC+)
You are cold-blooded and may be slowed by cold attacks.


Message History

Joseph shoots a sling bullet.
The sling bullet hits your orc skeleton!
Your orc skeleton is destroyed!
Joseph shoots a sling bullet.
The sling bullet barely misses you.
Joseph shoots a sling bullet.
The sling bullet completely misses you.
Your orc wizard zombie hits Joseph but does no damage.
You swap places.
Joseph shoots a sling bullet.
The sling bullet hits you!
* * * LOW HITPOINT WARNING * * *
Your orc wizard zombie hits Joseph with a +0 dagger.
You see here 2 sling bullets.
Your orc wizard skeleton hits Joseph but does no damage.
Your orc wizard zombie misses Joseph.
Your orc wizard skeleton hits Joseph with a +1 dagger of speed.
Joseph shoots a sling bullet.
The sling bullet hits you!
* * * LOW HITPOINT WARNING * * *
Things that are here:
a sling bullet; a cursed -3 dagger; a +0 robe Joseph shoots a sling bullet.
The sling bullet hits you!!
You die...
Your body rises from the dead as a mindless zombie.

#..... .......
#...Z?# .......
#..Z.## .......
#(Z# ........ ##@#
........ #.##
........ #..#
........ ##(#
.....)∩. #@#
........ #.#
###...Z #.# ###.Z
#.## #...Z #..#
#######.#.. ##.##
##.......#..
#.Z###..#######Z.
###.....######Z...
#....#### #.Z..##.


You could see Joseph and a friendly orc wizard skeleton.

Vanquished Creatures
  A hippogriff (D:7)
  Menkaure (Ossuary)
  An orc warrior (D:7)
  3 necrophages
  A sky beast (D:6)
  A phantom (D:2)
  An ogre (D:6)
  2 big kobolds (D:7)
  A howler monkey (D:5)
  A jelly (D:5)
  2 crimson imps (D:7)
  A centaur skeleton (D:4)
  3 hounds
  An orc priest (D:6)
  6 orc wizards
  3 worker ants
  A hound zombie (D:6)
  3 mummies (Ossuary)
  A howler monkey zombie (D:7)
  Robin (D:2)
  11 adders
  2 shadow imps
  An ooze (D:7)
  2 worms
  A dart slug (D:2)
  7 leopard geckos
  20 orcs
  4 giant cockroaches
  4 gnoll zombies (Ossuary)
  12 goblins
  10 hobgoblins
  4 jackals (D:2)
  3 quokkas
  7 ball pythons (D:2)
  6 bats
  8 frilled lizards
  A gnoll skeleton (Ossuary)
  7 goblin skeletons (Ossuary)
  6 goblin zombies (Ossuary)
  2 hobgoblin skeletons (Ossuary)
  2 hobgoblin zombies (Ossuary)
  17 kobolds
  6 kobold skeletons (Ossuary)
  4 kobold zombies (Ossuary)
  A leopard gecko zombie (D:5)
  3 orc skeletons (Ossuary)
  5 orc zombies (Ossuary)
  A quokka skeleton (D:4)
  7 rats
  3 rat skeletons (Ossuary)
  3 rat zombies (Ossuary)
205 creatures vanquished.

Vanquished Creatures (collateral kills)
  An orc (D:7)
  3 kobolds (D:7)
4 creatures vanquished.

Vanquished Creatures (others)
  A big kobold zombie (D:7)
  A gnoll skeleton (Ossuary)
  A goblin skeleton (Ossuary)
  A goblin zombie (Ossuary)
  A hobgoblin skeleton (Ossuary)
  6 kobold zombies (D:7)
  3 orc skeletons (D:7)
  A quokka skeleton (D:7)
  A withered plant (D:7)
16 creatures vanquished.

Grand Total: 225 creatures vanquished

Notes
Turn   | Place    | Note
-------+----------+-------------------------------------------
     0 | D:1      | MachJacob the Draconian Earth Elementalist began the quest
                  | for the Orb.
     0 | D:1      | Reached XP level 1. HP: 14/14 MP: 3/3
   715 | D:1      | Reached XP level 2. HP: 22/22 MP: 3/5
   866 | D:1      | Learned a level 2 spell: Passwall
  1192 | D:1      | Reached skill level 1 in Fighting
  1304 | D:2      | Reached XP level 3. HP: 28/28 MP: 0/6
  1719 | D:2      | Noticed Terence
  1965 | D:2      | Noticed a phantom
  2016 | D:2      | Learned a level 3 spell: Stone Arrow
  2061 | D:2      | Reached XP level 4. HP: 36/36 MP: 0/7
  2635 | D:2      | Killed a phantom
  2635 | D:2      | Reached skill level 1 in Conjurations
  2635 | D:2      | Reached skill level 4 in Earth Magic
  2635 | D:2      | Reached XP level 5. HP: 18/41 MP: 0/9
  2880 | D:2      | Found a runed translucent door.
  2881 | D:2      | Noticed Crazy Yiuf
  3037 | D:2      | Noticed Robin
  3041 | D:2      | Killed Robin
  3354 | D:3      | Noticed Natasha
  3735 | D:3      | Reached XP level 6. HP: 50/50 MP: 8/10
  3770 | D:3      | Found a sparkling altar of Nemelex Xobeh.
  3813 | D:3      | Noticed Jessica
  3895 | D:3      | Found a shadowy altar of Dithmenos.
  4306 | D:4      | Learned a level 5 spell: Lee's Rapid Deconstruction
  4309 | D:4      | Found a basalt altar of Yredelemnul.
  4314 | D:4      | Became a worshipper of Yredelemnul the Dark
  4663 | D:4      | Found a hide-covered altar of Uskayaw.
  4663 | D:4      | Found a white marble altar of Elyvilon.
  4699 | D:4      | Found a sacrificial altar of Ru.
  4759 | D:4      | Found a sand-covered staircase.
  4764 | Ossuary  | Entered an ossuary
  5020 | Ossuary  | Reached * piety under Yredelemnul
  5519 | Ossuary  | Noticed Menkaure
  6116 | Ossuary  | Killed Menkaure
  6116 | Ossuary  | Reached skill level 5 in Earth Magic
  6372 | Ossuary  | Your scales start taking on an icy white colour.
  6372 | Ossuary  | Reached XP level 7. HP: 56/56 MP: 8/11
  6372 | Ossuary  | Gained mutation: Your flesh is cold resistant. (rC+) [White
                  | Draconian growth]
  6583 | D:4      | Found Deecutucy's Gadget Boutique.
  6659 | D:5      | Entered Level 5 of the Dungeon
  6809 | D:5      | Found a shattered altar of Ashenzari.
  7268 | D:5      | Found Jaxuj's Armour Shop.
  7645 | D:6      | Reached ** piety under Yredelemnul
  8144 | D:6      | Found a radiant altar of Vehumet.
  8203 | D:6      | Reached skill level 1 in Invocations
  8203 | D:6      | Reached XP level 8. HP: 60/64 MP: 3/13
  8403 | D:6      | Reached skill level 6 in Earth Magic
  8556 | D:6      | Found Ninenn's Armour Shop.
  8827 | D:7      | Found a runed translucent door.
  8827 | D:7      | Noticed Tovarisch's ghost (novice OpWz)
  9040 | D:7      | Noticed a hippogriff
  9074 | D:7      | Killed a hippogriff
  9074 | D:7      | Reached skill level 5 in Conjurations
  9511 | D:7      | Noticed Joseph
  9738 | D:7      | Reached skill level 7 in Earth Magic
  9740 | D:7      | Reached *** piety under Yredelemnul
  9773 | D:7      | Found a staircase to the Ecumenical Temple.
  9926 | D:7      | Shot with a sling bullet by Joseph

Levels and vault maps discovered:
D:1:      psy_arrival_spokes, layout_basic
D:2:      minmay_chambers_of_ones, layout_rooms, minmay_shallow_snake_nest,
          uniq_crazy_yiuf_cottage, uniq_terence, uniq_robin
D:3:      layout_basic, grunt_dithmenos_smoke, nicolae_overflow_hidden_temple,
          nemelex_xobeh_ov_fountains_minmay, uniq_jessica, uniq_natasha
D:4:      layout_basic, lemuel_doored_altar, nicolae_ru_awakened_eye,
          gammafunk_temple_overflow_wave, serial_shops, shop_statue,
          enter_ossuary_2
D:5:      layout_basic, first_ration, serial_shops, nicolae_shop_behind_doors,
          evilmike_ruin_ashenzari
D:6:      layout_cave_pods, nicolae_overflow_crystal_walls, serial_shops, shop,
          uniq_menkaure
D:7:      layout_rooms, temple_green, enter_bailey_2, serial_shops,
          shop_fountains, gammafunk_ghost_grave, uniq_joseph

Skill      XL: |  1  2  3  4  5  6  7  8 |
---------------+-------------------------+-----
Dodging        | 2 3 4 |  4.2
Fighting       | 1 2 3 4 |  4.5
Conjurations   | 1 2 3 4 5 |  5.0
Earth Magic    | 4 5 7 |  7.0
Spellcasting   | 3 4 |  4.4
Invocations    | 1 2 |  2.8
Stealth        | |  1.7
Transmutations | |  1.0

Action                   |  1- 3 |  4- 6 |  7- 9 || total
-------------------------+-------+-------+-------++-------
Melee: Dagger            |    11 |    30 |    73 ||   114
       Tailslap          |       |     5 |    10 ||    15
 Cast: Sandblast         |    60 |   182 |    78 ||   320
       Passwall          |     1 |       |       ||     1
       Stone Arrow       |       |       |    27 ||    27
Invok: Animate Remains   |       |       |    15 ||    15
       Animate Dead      |       |       |     1 ||     1
 Abil: Breathe Frost     |       |       |     2 ||     2
  Use: Scroll            |     7 |     4 |     7 ||    18
       Potion            |     1 |     2 |       ||     3
 Stab: Sleeping          |       |     1 |       ||     1
  Eat: Chunk             |     4 |     9 |    13 ||    26
       Ration            |       |     1 |     2 ||     3
Armor: Skin              |    33 |    17 |    52 ||   102
Dodge: Dodged            |    51 |    39 |    79 ||   169

Table legend:
 A = Non-vault XP
 B = Vault XP
 C = Vault XP percentage of total XP
 D = Non-vault monster count
 E = Vault monster count
 F = Vault count percentage of total count
                 A         B        C        D         E       F
            +---------+---------+-------+---------+---------+-------
      Total |    2401 |     287 |  10.7 |     143 |      65 |  31.2
            +---------+---------+-------+---------+---------+-------
        D:1 |      31 |       0 |   0.0 |      15 |       0 |   0.0
        D:2 |     215 |      64 |  22.9 |      31 |      16 |  34.0
        D:3 |     100 |       0 |   0.0 |      25 |       0 |   0.0
        D:4 |     153 |       0 |   0.0 |      12 |       0 |   0.0
        D:5 |     182 |       0 |   0.0 |       8 |       0 |   0.0
        D:6 |     624 |       0 |   0.0 |      19 |       0 |   0.0
        D:7 |    1096 |       0 |   0.0 |      33 |       0 |   0.0
    Ossuary |       0 |     223 | 100.0 |       0 |      49 | 100.0
            +---------+---------+-------+---------+---------+-------
